 Dungeon Crawl Stone Soup version 0.27-a0-156-gbcd94eb011 (webtiles) character file.

Game seed: 14136872056485451303

9020 GEC the Nimble (level 10, -19/85 (86) HPs)
             Began as a Demigod Artificer on Jan 27, 2021.
             Killed by an exploding a wraith (38 damage)
             ... exploding inner flame
             ... on level 10 of the Dungeon.
             The game lasted 00:44:14 (13348 turns).

GEC the Nimble (Demigod Artificer)                 Turns: 13348, Time: 00:44:16

HP:   -19/85 (86)   AC: 16    Str: 19    XL:     10   Next: 97%
MP:   13/13         EV: 11    Int: 27    God:
Gold: 345           SH:  0    Dex: 18    Spells: 9/9 levels left

rFire    . . .     SeeInvis .   A - +1 morningstar (protect)
rCold    . . .     Faith    .   (no shield)
rNeg     . . .     Spirit   .   c - +0 plate armour
rPois    .         Reflect  .   r - +0 helmet
rElec    .         Harm     .   (no cloak)
rCorr    .         Rampage  .   u - +1 pair of gloves
Will     +....                  (no boots)
Stlth    ..........             (no amulet)
HPRegen  0.24/turn              g - +6 ring of intelligence
MPRegen  0.13/turn              y - +6 ring of intelligence

@: slowed, lightly drained, very slow
A: high mp 1
a: no special abilities


You were on level 10 of the Dungeon.
You visited 1 branch of the dungeon, and saw 10 of its levels.
You also visited: Bailey.

You collected 968 gold pieces.
You spent 623 gold pieces at shops.

Inventory:

Hand Weapons
 A - a +1 morningstar of protection (weapon)
Armour
 c - a +0 plate armour (worn)
 r - a +0 helmet (worn)
 u - a +1 pair of gloves (worn)
 z - a +1 scale mail of cold resistance
Jewellery
 g - a +6 ring of intelligence (left hand)
 o - an uncursed ring of positive energy
 y - a +6 ring of intelligence (right hand)
 E - an uncursed ring of ice
Wands
 d - a wand of enslavement (22)
 e - a wand of random effects (31)
 F - a wand of mindburst (3)
Scrolls
 a - 3 scrolls of enchant armour
 f - a scroll of amnesia {unknown}
 h - 4 scrolls of remove curse
 j - a scroll of immolation
 m - 2 scrolls of noise {unknown}
 n - 2 scrolls of random uselessness {unknown}
 p - a scroll of fear {unknown}
 t - 4 scrolls of teleportation
 w - 2 scrolls of blinking {unknown}
Potions
 b - 3 potions of mutation
 i - 4 potions of heal wounds
 k - a potion of cancellation
 l - a potion of ambrosia
 q - 6 potions of curing
 v - a potion of haste
 x - 5 potions of flight
 B - 2 potions of might
 C - a potion of attraction
 D - 2 potions of brilliance
Miscellaneous
 s - a condenser vane (inert) (quivered)


   Skills:
 + Level 7.0 Fighting
 * Level 4.4 Maces & Flails
 + Level 7.2 Armour
 + Level 9.4 Dodging
 - Level 0.8 Stealth
 + Level 7.5 Evocations


You had 9 spell levels left.
You didn't know any spells.
Your spell library contained the following spells:

 Spells                   Type           Power        Failure   Level
 Freeze                   Ice            0%           96%         1
 Magic Dart               Conj           0%           96%         1
 Blink                    Tloc           N/A          99%         2
 Call Imp                 Summ           0%           99%         2
 Slow                     Hex            0%           99%         2
 Conjure Flame            Conj/Fire      0%           100%        3
 Frozen Ramparts          Ice            0%           100%        3
 Mephitic Cloud           Conj/Pois/Air  0%           100%        3
 Ozocubu's Armour         Ice            0%           100%        3
 Hailstorm                Conj/Ice       0%           100%        4
 Summon Ice Beast         Ice/Summ       0%           100%        4


Dungeon Overview and Level Annotations

Branches:
Dungeon (10/15)            Temple (0/1) D:4             Orc (0/2) D:10
 Bailey (visited)
   Lair: D:8-11

Shops:
D:4 (   D:6 *   D:8 [

Annotations:
D:4 1 runed translucent door, Crazy Yiuf
D:5 3 runed translucent doors, Morgoth's ghost, weakling DgDe
D:8 2 transporters, hehateme's ghost, novice DsGl


Innate Abilities, Weirdness & Mutations

You have an increased reservoir of magic. (+10% MP)


Message History

The cyclops is engulfed in blazing flames.
The wraith is engulfed in blazing flames.
The wraith is engulfed in blazing flames.
The wraith hits you. The wraith drains your vigour!
You feel yourself slow down.
The wraith is engulfed in blazing flames.
The wraith is engulfed in blazing flames. x2
The wraith hits you.
* * * LOW HITPOINT WARNING * * *
The wraith drains your vigour!
You feel as though you will be slow longer.
The wraith hits you.
* * * LOW HITPOINT WARNING * * *
As you read the scroll labelled IJUPNEARGHI, it crumbles to dust.
The creatures around you are filled with an inner flame!
It was a scroll of immolation.
The wraith is engulfed in blazing flames.
The wraith explodes!
The fiery explosion engulfs you!!!
You die...

##.......# #....# ..
##########.### #....# ..
#....# #...# ##..####..
#....# ###.####....§...
#....#######.##......§..#
#..........#..#...C......
#....#####..#............
#....# ##............##.
#....# ###...@W§.#.......
###..# ##...##.§§.##....#.
##.###.....#§§§§##......
#...........#§§§W.@....
###.........##§#..###..
#...........T..§#
#######..[......#....§...
#...##).............§....
#....)..........#.........
.W


You could see a cyclops (inner flame), a troll (inner flame) and 2 wraiths.

Vanquished Creatures
  Fannar (D:10)
  Josephine (D:10)
  2 two-headed ogres
  A centaur skeleton (D:10)
  2 wraiths (D:10)
  Sigmund (D:6)
  Menkaure (D:7)
  A water moccasin (D:8)
  Duvessa (D:5)
  An acid dragon (D:10)
  A hornet zombie (D:10)
  3 orc warriors
  A black bear (D:8)
  2 ice beasts
  A phantom (D:8)
  3 sky beasts
  A necrophage (D:2)
  3 ogres
  3 centaurs
  4 big kobolds
  5 bullfrogs
  4 gnoll sergeants (Bailey)
  Dowan (D:5)
  A wyvern skeleton (D:9)
  3 scorpions
  12 killer bees
  5 wights (D:7)
  7 howler monkeys
  2 centaur zombies
  A quasit (D:6)
  4 hounds
  3 orc priests
  4 gnoll shamans (Bailey)
  An iron imp (D:9)
  2 jellies
  3 iguanas
  2 orc wizards
  5 worker ants
  2 hound zombies
  3 hound skeletons
  A worker ant zombie (D:8)
  7 adders
  16 gnolls
  3 white imps
  An ooze (D:8)
  An adder zombie (D:5)
  An adder skeleton (D:8)
  2 worms
  2 dart slugs
  5 leopard geckos
  32 orcs
  3 giant cockroaches
  8 goblins
  9 hobgoblins
  14 jackals
  A quokka (D:4)
  A ball python (D:4)
  8 bats
  5 frilled lizards
  2 goblin zombies (D:9)
  2 hobgoblin zombies (D:9)
  25 kobolds
  A kobold skeleton (D:9)
  An orc skeleton (D:9)
  An orc zombie (D:9)
  9 rats
265 creatures vanquished.

Vanquished Creatures (collateral kills)
  A gnoll sergeant (Bailey)
  A gnoll shaman (Bailey)
  A gnoll (Bailey)
3 creatures vanquished.

Vanquished Creatures (others)
  3 gnoll sergeants (Bailey)
  A gnoll shaman (Bailey)
  A gnoll (Bailey)
  7 plants (D:3)
12 creatures vanquished.

Grand Total: 280 creatures vanquished

Notes
Turn   | Place    | Note
-------+----------+-------------------------------------------
     0 | D:1      | GEC the Demigod Artificer began the quest for the Orb.
     0 | D:1      | Reached XP level 1. HP: 15/15 MP: 3/3
   274 | D:1      | Reached skill level 1 in Dodging
   403 | D:1      | Reached skill level 1 in Fighting
   477 | D:1      | Reached XP level 2. HP: 22/23 MP: 4/4
  1951 | D:2      | Reached XP level 3. HP: 19/28 MP: 5/5
  2364 | D:2      | Noticed a necrophage
  2373 | D:2      | Killed a necrophage
  2374 | D:2      | Reached skill level 2 in Dodging
  2374 | D:2      | Reached XP level 4. HP: 28/36 MP: 6/6
  3102 | D:3      | Noticed a big kobold
  3108 | D:3      | Killed a big kobold
  3109 | D:3      | Reached skill level 3 in Dodging
  3109 | D:3      | Reached XP level 5. HP: 41/41 MP: 7/7
  3614 | D:3      | Found a sacrificial altar of Ru.
  3900 | D:4      | Found a white marble altar of Elyvilon.
  3992 | D:4      | Found an ancient bone altar of Kikubaaqudgha.
  3992 | D:4      | Found a shimmering blue altar of Sif Muna.
  4054 | D:4      | Reached XP level 6. HP: 41/50 MP: 8/8
  4456 | D:4      | Reached skill level 4 in Dodging
  4982 | D:4      | Found a runed translucent door.
  4983 | D:4      | Noticed Crazy Yiuf
  5104 | D:4      | Found Dosowebu's Weapon Boutique.
  5132 | D:4      | Bought a +1 morningstar of protection for 118 gold pieces
  5151 | D:4      | Found a staircase to the Ecumenical Temple.
  5267 | D:5      | Entered Level 5 of the Dungeon
  5643 | D:5      | Reached XP level 7. HP: 57/57 MP: 9/9
  5952 | D:5      | Noticed Duvessa
  5955 | D:5      | Noticed Dowan
  5980 | D:5      | Killed Duvessa
  5981 | D:5      | Reached skill level 5 in Dodging
  5994 | D:5      | Killed Dowan
  6400 | D:5      | Found a radiant altar of Vehumet.
  6401 | D:5      | Found a glowing silver altar of Zin.
  6408 | D:5      | Found a shimmering altar of Xom.
  6408 | D:5      | Found a sacrificial altar of Ru.
  6410 | D:5      | Found a broken altar of Ashenzari.
  6412 | D:5      | Found a snail-covered altar of Cheibriados.
  6413 | D:5      | Found a basalt altar of Yredelemnul.
  6414 | D:5      | Found a sparkling altar of Nemelex Xobeh.
  6476 | D:5      | Found a runed translucent gate.
  6477 | D:5      | Found a runed translucent gate.
  6477 | D:5      | Found an opulent altar of Gozag.
  6477 | D:5      | Found a runed translucent gate.
  6478 | D:5      | Noticed Morgoth's ghost (weakling DgDe)
  6734 | D:6      | Found a hazy altar of Hepliaklqana.
  7084 | D:6      | Reached XP level 8. HP: 66/66 MP: 10/10
  7096 | D:6      | Found Wuokkief's Assorted Antiques.
  7104 | D:6      | Bought a scroll of identify for 64 gold pieces
  7104 | D:6      | Bought a scroll of identify for 64 gold pieces
  7146 | D:6      | Noticed Sigmund
  7164 | D:6      | Killed Sigmund
  7434 | D:6      | Reached skill level 6 in Dodging
  7434 | D:6      | Reached skill level 5 in Evocations
  7821 | D:7      | Reached skill level 5 in Armour
  7952 | D:7      | Found a flagged portal.
  7957 | Bailey   | Entered a bailey
  8365 | Bailey   | Reached skill level 7 in Dodging
  8893 | Bailey   | Reached XP level 9. HP: 49/73 MP: 11/11
  9023 | Bailey   | Reached skill level 5 in Fighting
  9654 | D:7      | Noticed Menkaure
  9665 | D:7      | Killed Menkaure
 10152 | D:8      | Reached skill level 8 in Dodging
 10201 | D:8      | Noticed a two-headed ogre
 10213 | D:8      | Killed a two-headed ogre
 10601 | D:8      | Reached XP level 10. HP: 47/83 MP: 13/13
 10814 | D:8      | Found a transporter.
 10818 | D:8      | Noticed hehateme's ghost (novice DsGl)
 10819 | D:8      | Noticed a moth of wrath
 11075 | D:8      | Found Domp's Antique Armour Shoppe.
 11091 | D:8      | Bought a helmet for 121 gold pieces
 11091 | D:8      | Bought a pair of fine boots for 256 gold pieces
 11101 | D:8      | Identified the cursed -4 pair of boots of Asiapt {rCorr}
                  | (You bought it in a shop on level 8 of the Dungeon)
 11170 | D:8      | Found a sparkling altar of Nemelex Xobeh.
 11283 | D:8      | Found a transporter.
 11420 | D:9      | Reached skill level 9 in Dodging
 11483 | D:9      | Reached skill level 1 in Maces & Flails
 11672 | D:9      | Found a glowing golden altar of the Shining One.
 12429 | D:10     | Entered Level 10 of the Dungeon
 12429 | D:10     | Noticed Josephine
 12476 | D:10     | Noticed a two-headed ogre
 12494 | D:10     | Killed a two-headed ogre
 13028 | D:10     | Noticed Fannar
 13072 | D:10     | Killed Fannar
 13328 | D:10     | Found a staircase to the Orcish Mines.
 13339 | D:10     | Noticed a cyclops
 13344 | D:10     | Killed Josephine
 13348 | D:10     | Killed by an exploding a wraith... exploding inner flame

Illustrated notes

Levels and vault maps discovered:
D:1:      psy_arrival_fountain, layout_basic
D:2:      layout_basic
D:3:      cheibrodos_thug_alley, layout_basic, serial_bayou_pond_c,
          nicolae_ru_sacrificial_ziggurat
D:4:      layout_gridville, elyvilon_altar_5,
          gammafunk_temple_overflow_elements, temple_hall, serial_shops,
          nicolae_shop_crystal, uniq_crazy_yiuf_cottage
D:5:      layout_rooms, minitemple, ebering_ghost_gozag, uniq_duvessa
D:6:      layout_basic, nzn_hepliaklqana_mist_gate, serial_shops,
          nicolae_shop_crystal, uniq_sigmund
D:7:      layout_cave_pools, enter_bailey_3, uniq_menkaure
D:8:      layout_rooms, gammafunk_ghost_berserking_beasts, serial_shops,
          nicolae_shop_overgrown_old_shop, nemelex_dance_club_becter
D:9:      layout_roguey, nicolae_tso_besieged_by_evil
D:10:     layout_rooms, orc_david_3, basic_altar, uniq_josephine, uniq_fannar

Skill      XL: |  1  2  3  4  5  6  7  8  9 10 |
---------------+-------------------------------+-----
Dodging        | 1 2 3 4 5 7 8 9 |  9.4
Fighting       | 1 2 3 4 6 7 |  7.0
Armour         | 2 3 4 5 6 7 |  7.2
Evocations     | 3 4 5 6 7 |  7.5
Maces & Flails | 4 |  4.4
Stealth        | |  0.8

Action                   |  1- 3 |  4- 6 |  7- 9 | 10-12 || total
-------------------------+-------+-------+-------+-------++-------
Melee: Club              |   112 |       |       |       ||   112
       Mace              |    30 |   223 |       |       ||   253
       Morningstar       |       |    86 |   494 |   332 ||   912
Evoke: Wand              |    10 |    13 |    18 |     3 ||    44
       Condenser vane    |       |       |     1 |     1 ||     2
  Use: Scroll            |       |     3 |    10 |     3 ||    16
       Potion            |       |       |     2 |     1 ||     3
 Stab: Sleeping          |     1 |     1 |       |       ||     2
Armor: Leather armour    |    58 |     8 |       |       ||    66
       Ring mail         |       |    20 |       |       ||    20
       Plate armour      |       |   229 |   601 |   213 ||  1043
       Scale mail        |       |       |       |    21 ||    21
Dodge: Dodged            |   107 |   142 |   449 |   248 ||   946

Table legend: (Time is in decaauts)
 A = Elapsed time spent in this place.
 B = Non-inter-level travel time spent in this place.
 C = Inter-level travel time spent in this place.
 D = Time resting spent in this place.
 E = Time spent auto-exploring this place.
 F = Levels seen in this place.
 G = Mean time per level.
                   A        B        C        D        E       F      G
               +--------+--------+--------+--------+--------+-----+--------+
         Total |  13934 |  13540 |    394 |   3496 |   6650 |  11 | 1266.7 |
       Dungeon |  12199 |  11805 |    394 |   2581 |   6441 |  10 | 1219.9 |
        Bailey |   1734 |   1734 |      0 |    915 |    209 |   1 | 1734.0 |
               +--------+--------+--------+--------+--------+-----+--------+

Top non-repeatable levels by time:
     D:1: 1821 daAuts
  Bailey: 1734 daAuts
     D:4: 1441 daAuts
     D:5: 1361 daAuts
     D:8: 1324 daAuts
     D:6: 1140 daAuts
     D:2: 1112 daAuts
     D:9: 1110 daAuts
     D:3: 1027 daAuts
    D:10: 970 daAuts
     D:7: 889 daAuts
